Map: Efflorescence LE

Players

Massa

  • Race: Terran Terran
  • League: Platinum
  • Spawn Location: 3:00

qqq

  • Race: Terran Terran
  • Spawn Location: 12:00

Daxaka

  • Race: Protoss Protoss
  • Spawn Location: 6:00

MIF

  • Race: Terran Terran
  • Spawn Location: 9:00

VOD

Have the link to the VOD?

Description

Time

  • Played on: Nov. 7, 2020, 5:29 a.m.
  • Length: 14:20
Show
View Real Time Build Order
Export as new Build Order

Massa Terran 

Build Orders:  

Get SALT Encoding   

  12  0:00  SCV  
  13  0:13  SCV  
  14  0:18  Supply Depot  
  14  0:25  SCV  
  15  0:40  SCV  
  15  0:41  Barracks  
  16  0:52  SCV  
  16  0:53  Supply Depot  
  17  1:04  SCV  
  18  1:05  Refinery  
  18  1:22  Barracks  
  18  1:23  SCV  
  19  1:30  Marine  
  20  1:37  Barracks  
  20  1:44  Orbital Command  
  20  1:49  Marine  
  21  2:08  Barracks Tech Lab  
  21  2:18  SCV  
  21  2:20  Marine  
  23  2:27  Marine  
  23  2:28  Marine  
  25  2:30  Stimpack  
  25  2:38  Marine, Supply Depot  
  26  2:45  Marine  
  26  2:46  Marine  
  28  2:55  Marine  
  29  3:01  Supply Depot  
  29  3:03  Marine  
  29  3:04  Marauder  
  32  3:13  Marine  
  33  3:21  Marine  
  33  3:26  Marauder  
  36  3:27  Factory  
  36  3:31  SCV, Marine  
  38  3:39  Command Center  
  38  3:47  Marauder, Marine  
  41  3:49  Marine  
  44  4:10  Marauder, Marine x2  
  46  4:27  SCV  
  47  4:33  Supply Depot  
  47  4:35  Supply Depot  
  47  4:37  Refinery  
  47  4:50  Marine x2  
  47  4:51  Marauder  
  26  5:20  SCV  
  27  5:27  Factory Tech Lab, Engineering Bay  
  27  5:30  Marine x3  
  27  5:33  SCV  
  30  5:39  Combat Shield  
  30  5:45  SCV  
  30  5:47  Orbital Command, Marine  
  30  5:48  Marine x2  
  34  5:54  Missile Turret  
  34  5:57  SCV  
  34  5:59  Missile Turret  
  34  6:03  Cyclone, Missile Turret  
  38  6:05  Marine  
  38  6:06  Marine x2  
  38  6:09  SCV  
  42  6:15  Starport  
  35  6:44  Marauder, Marine x2  
  35  6:46  Cyclone  
  42  6:47  SCV  
  42  6:48  SCV  
  44  6:58  Supply Depot  
  44  7:00  SCV  
  45  7:01  Medivac  
  45  7:05  Barracks Reactor  
  45  7:06  Marauder  
  49  7:09  Mag-Field Accelerator  
  49  7:39  Siege Tank  
  52  7:45  Missile Turret  
  52  7:46  Marine x2  
  52  7:47  Marine  
  52  7:48  SCV  
  52  7:49  SCV  
  58  7:56  Terran Infantry Weapons Level 1  
  58  8:00  Barracks Reactor  
  58  8:01  SCV  
  58  8:04  Marine  
  59  8:08  Refinery  
  59  8:10  Refinery, Command Center  
  59  8:12  SCV  
  60  8:31  Sensor Tower  
  60  8:38  SCV x2  
  62  8:46  Marauder, Marine x2  
  62  8:47  Marine  
  67  8:50  SCV x2  
  67  8:55  Marine  
  70  9:02  SCV x2  
  72  9:03  Supply Depot  
  72  9:04  Marine x3  
  72  9:07  Marauder  
  77  9:10  Supply Depot  
  77  9:14  SCV  
  78  9:29  Marauder, Marine x3  
  83  9:34  SCV x2  
  85  9:45  Missile Turret  
  85  9:49  Marine x2  
  85  9:50  Marauder, Marine x2  
  91  9:54  Cyclone  
  94  10:00  Medivac  
  62  10:58  Marauder, Marine x3  
  65  11:08  SCV x2  
  66  11:13  Orbital Command  
  66  11:17  Marine  
  66  11:18  Marine x3, Missile Turret  
  64  11:19  Marauder  
  64  11:20  SCV x2  
  64  11:23  Cyclone  
  71  11:26  Terran Infantry Armor Level 1  
  71  11:32  SCV  
  72  11:35  SCV, Marine  
  72  11:36  Marine x3  
  77  11:40  Marauder  
  77  11:43  SCV  
  77  11:44  SCV  
  81  11:47  SCV, Sensor Tower  
  82  11:55  SCV  
  82  12:00  Marine x3  
  86  12:02  Marauder, Marine  
  86  12:07  SCV x2, Command Center  
  86  12:08  SCV  
  92  12:13  Refinery  
  92  12:16  Refinery  
  92  12:18  Marine  
  92  12:19  SCV  
  92  12:20  SCV x2  
  96  12:24  Marine x2  
  96  12:25  Marauder, Marine  
  101  12:30  Barracks  
  101  12:35  Factory  
  101  12:36  Marine  
  102  12:40  Starport Reactor  
  102  12:46  Marauder  
  104  12:56  Armory  
  104  13:05  SCV x2  
  106  13:06  SCV  
  106  13:08  Marauder  
  109  13:18  Marine x4  
  109  13:19  SCV x3  
  116  13:26  Supply Depot x2  
  116  13:27  Supply Depot  
  116  13:28  Supply Depot  
  116  13:29  Marauder  
  118  13:34  Orbital Command  
  118  13:35  SCV  
  118  13:36  SCV x2, Marine x3  
  124  13:48  SCV x2  
  115  13:49  Supply Depot  
  115  13:50  Marauder, Supply Depot  
  115  13:52  Supply Depot x2  
  87  14:06  Factory Tech Lab  
Show
View Real Time Build Order
Export as new Build Order

qqq Terran 

Build Orders:  

Get SALT Encoding   

  12  0:02  SCV  
  13  0:14  SCV  
  14  0:19  Supply Depot  
  14  0:26  SCV  
  15  0:41  SCV  
  16  0:44  Barracks  
  16  0:50  Supply Depot  
  16  0:54  SCV  
  17  1:06  SCV  
  17  1:07  Refinery  
  18  1:18  SCV  
  19  1:26  Barracks  
  19  1:30  SCV  
  20  1:37  Marine  
  21  1:42  Barracks  
  22  1:50  Orbital Command  
  21  1:57  Marine  
  21  2:21  Barracks Tech Lab  
  21  2:26  Marine  
  22  2:41  Supply Depot  
  22  2:44  Marine x2  
  22  2:48  Marauder  
  22  2:50  Stimpack  
  26  3:00  SCV  
  26  3:02  Marine x2  
  26  3:03  Supply Depot  
  29  3:10  Marauder  
  31  3:19  Marine x2  
  33  3:31  Marauder  
  35  3:37  Marine x2  
  35  3:41  Factory  
  37  3:52  Marauder  
  37  3:55  Marine x2  
  41  4:14  Marauder  
  43  4:20  Refinery, SCV  
  44  4:25  Marine x2  
  46  4:32  SCV  
  46  4:35  Factory Tech Lab, Supply Depot  
  46  4:36  Marauder  
  28  5:19  Command Center  
  28  5:23  Starport, Siege Tank  
  28  5:26  Marauder, Marine  
  34  5:38  Engineering Bay  
  35  5:42  SCV  
  35  5:55  SCV  
  38  6:07  SCV, Starport Reactor  
  37  6:11  Starport  
  37  6:14  Cyclone  
  37  6:16  Marine x2  
  42  6:44  SCV  
  42  6:46  SCV  
  44  6:56  SCV, Viking x2  
  44  6:58  Starport Tech Lab, SCV  
  50  7:08  SCV  
  50  7:15  Missile Turret  
  51  7:21  SCV  
  51  7:22  Marauder, Marine x2  
  56  7:31  Viking  
  56  7:33  SCV  
  59  7:37  Missile Turret  
  59  7:38  Viking  
  61  7:45  SCV  
  62  7:52  Refinery  
  62  7:54  Refinery  
  62  7:57  SCV  
  63  8:07  Viking  
  65  8:13  Fusion Core  
  65  8:15  Marauder, Marine x2  
  69  8:27  SCV, Armory  
  70  8:34  SCV  
  70  8:39  SCV, Medivac  
  74  8:41  Viking  
  74  8:46  SCV  
  77  8:52  SCV  
  78  8:58  Supply Depot  
  78  9:17  Missile Turret  
  78  9:19  SCV  
  78  9:20  Supply Depot  
  79  9:27  Barracks Reactor  
  79  9:31  SCV  
  79  9:32  Siege Tank  
  79  9:33  Command Center  
  82  9:42  Supply Depot  
  82  9:51  Viking  
  84  9:53  Battlecruiser  
  84  9:57  SCV  
  92  10:09  Orbital Command  
  78  10:37  Viking x2  
  54  10:57  Viking  
  53  11:07  Viking  
  53  11:08  Marine x2  
  57  11:12  Marauder  
  57  11:13  Marine  
  57  11:14  Viking  
  62  11:20  SCV x3  
  65  11:27  Battlecruiser  
  65  11:28  Missile Turret  
  71  11:45  Terran Ship Weapons Level 1  
  71  11:50  Weapon Refit  
  71  11:55  Viking  
  71  11:56  Viking  
  75  12:07  Marauder, Marine x2  
  79  12:10  Marine  
  80  12:24  Starport  
  80  12:25  Viking  
  80  12:26  Viking  
  80  12:28  Marauder  
  80  12:29  SCV  
  87  12:32  Battlecruiser  
  93  12:41  SCV, Sensor Tower  
  94  12:46  Siege Tank  
  97  12:53  SCV  
  97  12:55  Viking  
  92  13:01  Command Center  
  88  13:20  Marauder  
  88  13:28  Viking  
  88  13:29  Viking  
Show
View Real Time Build Order
Export as new Build Order

Daxaka Protoss 

Build Orders: 1 Gate Expand 

Get SALT Encoding   

  12  0:00  Probe  
  13  0:12  Probe  
  14  0:21  Pylon  
  14  0:25  Probe  
  15  0:39  Probe (Chrono Boost)  
  16  0:43  Gateway  
  17  0:51  Probe (Chrono Boost)  
  17  0:56  Probe (Chrono Boost)  
  18  1:08  Probe  
  19  1:20  Probe  
  20  1:28  Nexus  
  20  1:37  Probe  
  20  1:39  Cybernetics Core  
  21  1:41  Assimilator  
  21  1:46  Assimilator  
  21  1:59  Pylon  
  21  2:00  Probe  
  22  2:12  Probe  
  23  2:23  Gateway  
  23  2:24  Probe (Chrono Boost)  
  23  2:26  Stalker  
  23  2:27  Warp Gate  
  26  2:36  Probe (Chrono Boost)  
  27  2:45  Pylon  
  27  2:46  Probe (Chrono Boost)  
  27  2:49  Probe (Chrono Boost)  
  29  2:56  Probe (Chrono Boost)  
  29  2:57  Probe (Chrono Boost)  
  31  3:05  Stargate  
  31  3:11  Forge  
  32  3:12  Probe  
  32  3:15  Probe  
  33  3:24  Pylon  
  33  3:26  Stalker  
  35  3:32  Stalker  
  37  3:36  Probe  
  37  3:38  Probe  
  39  3:48  Photon Cannon  
  39  3:52  Void Ray (Chrono Boost)  
  39  3:53  Shield Battery  
  42  4:14  Shield Battery x2  
  42  4:16  Stalker  
  44  4:20  Stalker  
  46  4:28  Void Ray (Chrono Boost)  
  46  4:30  Pylon  
  48  4:48  Stalker x2  
  25  5:14  Probe x2  
  27  5:18  Pylon  
  27  5:26  Probe x2  
  29  5:38  Probe x2  
  31  5:46  Nexus  
  31  5:49  Void Ray  
  31  5:50  Probe x2 (Chrono Boost)  
  37  6:00  Probe x2 (Chrono Boost)  
  39  6:04  Stargate  
  39  6:05  Probe x2 (Chrono Boost)  
  41  6:16  Probe  
  41  6:17  Probe  
  43  6:18  Assimilator  
  43  6:22  Assimilator  
  43  6:27  Pylon  
  43  6:28  Probe  
  43  6:29  Probe  
  45  6:40  Fleet Beacon  
  45  6:41  Probe x2  
  47  6:50  Shield Battery  
  47  6:53  Probe x2  
  49  7:02  Probe, Void Ray  
  49  7:05  Probe  
  55  7:27  Probe (Chrono Boost)  
  55  7:28  Probe (Chrono Boost)  
  57  7:31  Photon Cannon  
  57  7:33  Shield Battery  
  57  7:36  Shield Battery  
  58  7:38  Void Ray  
  58  7:39  Probe x2 (Chrono Boost)  
  58  7:43  Probe (Chrono Boost)  
  64  7:50  Probe (Chrono Boost)  
  67  7:52  Probe x2 (Chrono Boost)  
  69  7:58  Probe (Chrono Boost)  
  69  8:00  Probe (Chrono Boost)  
  69  8:02  Probe (Chrono Boost)  
  69  8:03  Probe (Chrono Boost)  
  71  8:05  Tempest  
  76  8:13  Pylon  
  76  8:14  Probe x2  
  76  8:15  Probe  
  79  8:21  Pylon  
  79  8:26  Twilight Council  
  80  8:27  Probe  
  80  8:28  Probe  
  80  8:29  Probe  
  80  8:31  Pylon  
  82  8:38  Protoss Ground Weapons Level 1  
  82  8:39  Probe, Tempest  
  82  8:40  Probe, Flux Vanes  
  89  8:44  Probe  
  90  8:48  Assimilator  
  90  8:52  Assimilator  
  90  8:55  Probe  
  91  9:01  Charge (Chrono Boost)  
  91  9:02  Protoss Air Weapons Level 1 (Chrono Boost)  
  91  9:04  Templar Archives  
  91  9:05  Probe x2  
  93  9:10  Probe  
  94  9:18  Probe x2  
  94  9:23  Probe  
  97  9:25  Photon Cannon  
  97  9:26  Photon Cannon, Shield Battery  
  97  9:28  Photon Cannon  
  97  9:29  Psionic Storm, Pylon  
  97  9:30  Probe x2  
  99  9:34  Photon Cannon  
  99  9:35  Probe  
  100  9:42  Probe  
  100  9:43  Probe  
  102  9:47  Probe  
  102  9:51  Carrier  
  115  10:00  Carrier  
  114  10:15  Zealot  
  105  10:41  Zealot x2  
  95  10:50  Void Ray  
  87  11:02  Stargate x2  
  87  11:20  Probe x3, Pylon  
  87  11:21  Pylon  
  87  11:25  Protoss Shields Level 1 (Chrono Boost), Stargate  
  90  11:29  Cybernetics Core  
  90  11:32  Probe, Carrier  
  97  11:38  Carrier, Pylon  
  97  11:39  Pylon  
  103  11:42  Pylon  
  103  11:43  Pylon  
  103  11:44  Pylon  
  103  11:45  Protoss Air Weapons Level 2  
  103  11:55  Photon Cannon  
  103  11:56  Photon Cannon  
  103  12:03  Probe, Photon Cannon  
  103  12:04  Photon Cannon  
  103  12:05  Void Ray, Shield Battery x2  
  103  12:06  Void Ray  
  103  12:08  Photon Cannon, Shield Battery  
  104  12:11  Pylon  
  112  12:19  Shield Battery  
  112  12:24  Shield Battery  
  112  12:25  Shield Battery, Robotics Facility  
  112  12:27  Shield Battery  
  112  12:32  Gateway x2  
  112  12:33  Probe  
  112  12:34  Gateway  
  113  12:47  High Templar  
  113  12:48  High Templar, Pylon  
  117  12:56  Pylon  
  117  13:29  Zealot x3  
  117  13:30  Zealot x2  
  117  13:34  Nexus  
  127  13:37  Pylon  
  127  13:40  Pylon  
  139  13:43  Observer  
Show
View Real Time Build Order
Export as new Build Order

MIF Terran 

Build Orders: Mech 

Get SALT Encoding   

  12  0:00  SCV  
  13  0:12  SCV  
  14  0:19  Supply Depot  
  14  0:27  SCV  
  15  0:41  SCV  
  16  0:43  Barracks  
  16  0:53  SCV  
  17  1:05  SCV  
  18  1:17  SCV  
  19  1:21  Command Center  
  19  1:30  SCV  
  20  1:33  Marine  
  20  1:34  Refinery  
  21  1:53  Orbital Command  
  21  1:54  Marine  
  22  2:17  Marine  
  23  2:26  Supply Depot  
  23  2:27  Refinery  
  23  2:35  Orbital Command  
  23  2:46  Supply Depot  
  23  2:47  SCV  
  23  2:50  Marine  
  25  2:53  Factory  
  25  3:02  SCV  
  26  3:06  SCV  
  27  3:14  SCV  
  27  3:16  Barracks Reactor  
  27  3:18  SCV  
  27  3:19  Refinery  
  29  3:26  SCV  
  30  3:30  SCV  
  30  3:33  Refinery  
  31  3:38  SCV  
  31  3:41  Factory  
  32  3:44  SCV  
  33  3:51  SCV  
  34  3:56  SCV  
  35  4:03  SCV, Bunker  
  35  4:05  Hellion x2  
  40  4:11  SCV  
  40  4:26  Hellion x2  
  40  4:31  Factory Tech Lab  
  43  4:41  SCV x2  
  39  4:47  Hellion  
  41  4:53  SCV x2  
  41  4:59  Hellion  
  43  5:01  Siege Tank  
  45  5:09  Hellion  
  47  5:15  SCV x2  
  49  5:24  Marine  
  49  5:27  SCV x2  
  52  5:35  Command Center  
  52  5:39  SCV  
  52  5:42  Marine  
  54  5:48  Supply Depot  
  54  5:49  Supply Depot  
  54  6:04  Supply Depot  
  54  6:09  SCV x2, Marine, Siege Tank  
  60  6:22  SCV x2  
  62  6:36  SCV  
  55  6:44  Siege Tank  
  55  6:45  SCV  
  55  6:47  Supply Depot  
  55  6:48  SCV  
  55  6:49  Supply Depot  
  56  6:57  SCV, Marine  
  58  7:05  Factory  
  58  7:10  SCV  
  58  7:11  SCV  
  58  7:12  Hellion x2  
  64  7:16  Siege Tank  
  64  7:18  Armory  
  67  7:23  SCV  
  68  7:33  Hellion x2  
  68  7:36  Orbital Command  
  72  7:37  SCV x2  
  72  7:41  Factory  
  74  7:49  SCV x2  
  76  7:56  Factory Tech Lab  
  76  8:01  SCV  
  76  8:05  Factory  
  77  8:08  Terran Vehicle And Ship Armor Level 1  
  77  8:12  SCV x2  
  79  8:13  SCV  
  79  8:14  Engineering Bay  
  79  8:15  Refinery  
  80  8:25  Siege Tank x2  
  86  8:28  Supply Depot  
  86  8:37  Refinery  
  86  8:42  Hellion x2  
  86  8:46  Supply Depot  
  86  8:47  Supply Depot  
  90  8:50  Supply Depot x2  
  90  8:51  Supply Depot  
  90  8:57  SCV x2, Sensor Tower, Siege Tank  
  95  9:03  Hellion x2  
  99  9:10  Factory Tech Lab  
  99  9:16  Factory Reactor  
  99  9:22  Supply Depot  
  99  9:24  Hellion  
  99  9:25  Hellion  
  99  9:31  Siege Tank x2  
  109  9:32  Thor  
  115  9:44  Supply Depot  
  114  9:48  Supply Depot  
  114  9:59  Missile Turret  
  114  10:00  Missile Turret  
  114  10:02  Thor  
  114  10:03  Thor  
  126  10:11  Supply Depot  
  126  10:19  Sensor Tower  
  126  10:21  Missile Turret  
  126  10:24  Missile Turret  
  119  10:56  Thor, Siege Tank x2  
  128  11:12  Hellion x2  
  128  11:13  Hellion x2  
  136  11:22  Command Center  
  136  11:23  Terran Vehicle Weapons Level 1  
  136  11:26  Armory  
  136  11:28  Hellion, Thor  
  136  11:29  Supply Depot  
  144  11:34  Hellion  
  146  11:53  Supply Depot  
  146  12:04  Supply Depot  
  146  12:07  Starport, Siege Tank  
  146  12:08  Siege Tank  
  152  12:12  Thor x2  
  152  12:13  Thor  
  152  12:16  Supply Depot  
  152  12:29  Supply Depot  
  152  12:53  Supply Depot  
  145  13:35  Thor x3  
  163  13:43  Hellion x2  
  163  13:44  Hellion x2  
Tags
 
Add a new tag
Caveats
  • Supply blocks, unpowered buildings, or Contaminate may cause inaccurate times.
  • Supply counts are checked every 10 seconds.